 Dungeon Sprint DCSS version 0.31-a0-37-g98a128e1d9 (webtiles) character file.

Game seed: 12740059728013534901

108 bmack86 the Cleaver (level 4, -10/45 HPs)
             Began as a Minotaur Berserker on May 15, 2023.
             Was a Believer of Trog.
             Killed from afar by a deep elf pyromancer (55 damage)
             ... with a bolt of fire
             ... in the Dungeon (Sprint III: "The Ten Rune Challenge").
             The game lasted 00:02:29 (229 turns).

bmack86 the Cleaver (Minotaur Berserker)             Turns: 229, Time: 00:02:33

Health: -10/45     AC:  4    Str: 24    XL:     4   Next: 58%
Magic:  3/3        EV: 12    Int:  4    God:    Trog [**....]
Gold:   28         SH:  0    Dex:  9    Spells: 3/3 levels left

rFire   x . .        a - +0 hand axe
rCold   . . .        (no shield)
rNeg    . . .        i - +0 robe
rPois   .            (helmet restricted)
rElec   .            (no cloak)
rCorr   .            (no gloves)
SInv    .            (no boots)
Will    .....        (no amulet)
Stlth   +            (no ring)
HPRegen 0.27/turn    (no ring)
MPRegen 0.08/turn

%: no teleportation
@: no status effects
A: horns 2, retaliatory headbutt, iridescent scales 1, heat vulnerability 1
a: Renounce Religion, Berserk, Trog's Hand


You were in the Dungeon.
You worshipped Trog.
Trog was pleased with you.
You visited 1 branch You collected 28 gold pieces.

Inventory:

Hand Weapons
 a - a +0 hand axe (weapon)
Missiles
 j - 2 poisoned darts (quivered)
Armour
 b - a +0 animal skin
 i - a +0 robe (worn)
Scrolls
 h - a scroll of blinking
 o - a scroll of poison {unknown}
Potions
 c - 2 potions of curing
 d - 2 potions of heal wounds
 e - a potion of haste
 f - 2 potions of magic
 g - a potion of berserk rage
 k - a potion of lignification
 l - 2 potions of mutation
 p - 2 potions of flight


   Skills:
 + Level 6.5 Fighting
 * Level 8.6 Axes
 + Level 5.9 Armour
 - Level 2.1 Dodging


You had 3 spell levels left.
You didn't know any spells.
Your spell library was empty.

Dungeon Overview and Level Annotations

Branches:
Dungeon (1/1)

Altars:
Elyvilon
Zin
The Shining One


Innate Abilities, Weirdness & Mutations

You have a pair of horns on your head.
You reflexively headbutt those who attack you in melee.
You are partially covered in iridescent scales. (AC +2)
You are vulnerable to heat. (rF-)


Message History

You feel yourself moving faster!
You feel mighty!
You hit the water elemental. You headbutt the water elemental!
The water elemental is moderately damaged.
The water elemental closely misses you.
You completely miss the water elemental.
The water elemental is moderately damaged.
You slash the water elemental! Your punch misses the water elemental.
The water elemental is almost destroyed.
The water elemental hits you!
The water elemental engulfs you in water!
You slash the water elemental!
You destroy the water elemental!
Trog accepts your kill. The water engulfing you falls away.
You gasp with relief as air once again reaches your lungs.
Your Fighting skill increases to level 6!
Your Axes skill increases to level 8!
Your Armour skill increases to level 5!
You have reached level 4!
You feel stronger.
There is an open door to the Ecumenical Temple here.
You feel a strong urge to attack something.
There is a fountain of clear blue water here.
You feel your anger nearly subside.
You are no longer berserk.
You are exhausted.
You feel yourself slow down.
You start resting.
You feel yourself speed up.
You start resting.
HP restored.
You start waiting.
You recover from your berserk rage.
You open the door.
Found three altars.
A deep elf pyromancer comes into view.
It is wielding a +0 long sword of holy wrath.
Found a potion of curing.
The deep elf pyromancer shouts!
The deep elf pyromancer casts a spell at you.
The bolt of fire hits you!!! The fire burns you terribly!
Ouch! That really hurt!
You die...

▓▓▓▓ ▓▓▓ ...#### ##.#####
......#####..#___#
.......#..#..#e..#
#.##...#..#..###@#+###+##
#.###).##'#..#..........#
##.##..###...'.⌠........#
..##..####...#...######+#
..##..###....#.⌠.#
.##...##.....#...#
##....#......#+###
##..##.#.....#
#..#####....#


You could see a deep elf pyromancer.

Vanquished Creatures
  A water elemental (D)
  Jessica (D)
  A human (D)
  A phantom (D)
  2 rats (D)
6 creatures vanquished.

Notes
Turn   | Place    | Note
-------+----------+-------------------------------------------
     0 | D        | bmack86 the Minotaur Berserker began the quest for the Orb.
     0 | D        | Reached XP level 1. HP: 19/19 MP: 0/0
    15 | D        | Reached skill level 4 in Axes
    34 | D        | Noticed Jessica
    43 | D        | Killed Jessica
    43 | D        | Reached ** piety under Trog
    44 | D        | Reached skill level 5 in Fighting
    44 | D        | Reached skill level 6 in Axes
    44 | D        | Reached XP level 2. HP: 26/29 MP: 1/1
    99 | D        | Reached XP level 3. HP: 36/36 MP: 2/2
   105 | D        | Reached skill level 7 in Axes
   164 | D        | Gained mutation: You are vulnerable to cold. (rC-) [potion
                  | of mutation]
   164 | D        | Gained mutation: A frigid envelope surrounds you and
                  | freezes all who hurt you. [potion of mutation]
   166 | D        | Lost mutation: A frigid envelope surrounds you and freezes
                  | all who hurt you. [potion of mutation]
   166 | D        | Lost mutation: You are vulnerable to cold. (rC-) [potion of
                  | mutation]
   166 | D        | Gained mutation: You are vulnerable to heat. (rF-) [potion
                  | of mutation]
   166 | D        | Gained mutation: You are partially covered in iridescent
                  | scales. (AC +2) [potion of mutation]
   173 | D        | Noticed a water elemental
   178 | D        | Killed a water elemental
   179 | D        | Reached skill level 8 in Axes
   179 | D        | Reached skill level 5 in Armour
   179 | D        | Reached XP level 4. HP: 45/45 MP: 3/3
   228 | D        | Found a glowing silver altar of Zin.
   228 | D        | Found a glowing golden altar of the Shining One.
   228 | D        | Found a white marble altar of Elyvilon.
   229 | D        | Noticed a deep elf pyromancer
   229 | D        | Killed from afar by a deep elf pyromancer

Illustrated notes

Levels and vault maps discovered:
D:        dungeon_sprint_mu [sprint_mu_entry_cave, sprint_mu_temple_rooms,
          sprint_mu_d1_spiders, sprint_mu_d2_genie, sprint_mu_d3_branching,
          sprint_mu_orc_legion, sprint_mu_elf_gauntlet, sprint_mu_hive_nellie,
          sprint_mu_lair_fedhas, sprint_mu_vaults_butterflies,
          sprint_mu_slime_circle, sprint_mu_shoals_kraken,
          sprint_mu_snake_twists, sprint_mu_blade_basic,
          sprint_mu_crypt_fortress, sprint_mu_tomb_spiral,
          sprint_mu_vestibule_basic, sprint_mu_gehenna_hellfire,
          sprint_mu_dis_giant, sprint_mu_tartarus_statrot,
          sprint_mu_cocytus_islands, sprint_mu_zot1]

Skill      XL: |  1  2  3 |
---------------+----------+-----
Axes           | 6 8 |  8.6
Fighting       | 5 6 |  6.5
Armour         | 4 5 |  5.9
Dodging        | |  2.1

Action                     |  1- 3 |  4- 6 || total
---------------------------+-------+-------++-------
  Melee: Hand axe          |    18 |       ||    18
         Headbutt          |     3 |       ||     3
  Throw: Dart              |     2 |       ||     2
 Invoke: Berserk           |     3 |       ||     3
    Use: Scroll            |     3 |       ||     3
         Potion            |     2 |       ||     2
 Armour: Animal skin       |     2 |       ||     2
  Dodge: Dodged            |     2 |       ||     2

Table legend: (Time is in decaauts)
 A = Elapsed time spent in this place.
 B = Non-inter-level travel time spent in this place.
 C = Inter-level travel time spent in this place.
 D = Time resting spent in this place.
 E = Time spent auto-exploring this place.
 F = Levels seen in this place.
 G = Mean time per level.
                   A        B        C        D        E       F      G
               +--------+--------+--------+--------+--------+-----+--------+
         Total |    253 |    253 |      0 |     78 |      0 |   1 |  253.0 |
       Dungeon |    253 |    253 |      0 |     78 |      0 |   1 |  253.0 |
               +--------+--------+--------+--------+--------+-----+--------+

Top non-repeatable levels by time:
       D: 253 daAuts
